 Dungeon Crawl Stone Soup version 0.18.1-6-gd335043 (webtiles) character file.

6629 mistymad the Fighter (level 11, -21/72 HPs)
             Began as a Gargoyle Fighter on May 21, 2016.
             Was a Believer of Okawaru.
             Killed from afar by Harold (33 damage)
             ... with a bolt of fire
             ... on level 10 of the Dungeon.
             The game lasted 00:26:21 (10853 turns).

mistymad the Fighter (Gargoyle Fighter)            Turns: 10853, Time: 00:26:22

Health: -21/72     AC: 23    Str: 21    XL:     11   Next: 2%
Magic:  11/11      EV:  3    Int:  8    God:    Okawaru [**....]
Gold:   467        SH:  0    Dex: 21    Spells: 0 memorised, 10 levels left

rFire  . . .     SeeInvis .     C - +1 morningstar of Ofyxtud {venom, Dex+4}
rCold  . . .     Gourm    .     d - +0 plate armour
rNeg   + . .     Faith    .     c - +0 shield
rPois  ∞         Spirit   .     (no helmet)
rElec  +         Dismiss  .     q - +0 cloak
rCorr  .         Reflect  .     (no gloves)
SustAt .         Harm     .     (no boots)
MR     .....     Rnd*Tele +     (no amulet)
Stlth  ..........               w - +5 ring of dexterity
                                D - ring of teleportation

@: held, not resistant to hostile enchantments, extremely unstealthy
A: negative energy resistance 1, electricity resistance, unbreathing,
petrification resistance, rot immunity, AC +7
a: Heroism, Renounce Religion


You were on level 10 of the Dungeon.
You worshipped Okawaru.
Okawaru was pleased with you.
You were not hungry.

You visited 2 branches of the dungeon, and saw 11 of its levels.
You also visited: Ossuary.

You collected 744 gold pieces.
You spent 277 gold pieces at shops.

Inventory:

Hand Weapons
 C - the +1 morningstar of Ofyxtud (weapon) {venom, Dex+4}
   (You bought it in a shop on level 6 of the Dungeon)

   It poisons the flesh of those it strikes.
   It affects your dexterity (+4).
Armour
 c - a +0 shield (worn)
 d - a +0 plate armour (worn)
 q - a +0 cloak (worn)
 H - a +0 pair of boots
Jewellery
 h - a cursed ring of loudness {unknown}
 k - an uncursed ring of protection from cold
 u - an uncursed ring of resist corrosion
 w - a +5 ring of dexterity (right hand)
 D - a ring of teleportation (left hand)
Wands
 e - a wand of flame (34/48)
 y - a wand of teleportation (3/9)
Scrolls
 j - a scroll of magic mapping {unknown}
 l - 3 scrolls of fog
 n - 3 scrolls of remove curse
 o - a scroll of recharging
 s - a scroll of enchant weapon
 t - 2 scrolls of amnesia
 x - 2 scrolls of enchant armour
 E - a scroll of fear {unknown}
Potions
 g - 3 potions of curing
 m - a potion of magic {unknown}
 r - 2 potions of heal wounds
 v - 2 potions of lignification {unknown}
 A - a potion of haste {unknown}
 B - a potion of resistance {unknown}
 F - a potion of flight {unknown}
Books
 a - a book of Transfigurations

   Spells                             Type                      Level
   a - Irradiate                      Conjuration/Transmutation    5
   b - Statue Form                    Transmutation/Earth          6
   c - Hydra Form                     Transmutation                6
   d - Dragon Form                    Transmutation                7
Comestibles
 b - 24 fruits
 f - 4 bread rations
 i - 2 meat rations
 p - 3 beef jerkies
 z - 2 slices of pizza
 G - 3 chunks of flesh


   Skills:
 + Level 9.7 Fighting
 + Level 8.6 Maces & Flails
 + Level 9.5 Armour
 + Level 0.0 Dodging
 + Level 9.4 Shields
 + Level 0.0 Invocations


You had 10 spell levels left.
You didn't know any spells.

Dungeon Overview and Level Annotations

Branches:
Dungeon (10/15)            Temple (1/1) D:7
   Lair: D:8-11         Orc: D:9-12

Altars:
Ashenzari
Cheibriados
Dithmenos
Elyvilon
Fedhas
Gozag
Kikubaaqudgha
Makhleb
Nemelex Xobeh
Okawaru
Pakellas
Qazlal
Ru
Sif Muna
Trog
Vehumet
Xom
Yredelemnul
Zin
The Shining One

Shops:
D:6 }!(}   D:7 }   D:9 %

Annotations:
D:10 Harold


Innate Abilities, Weirdness & Mutations

You are resistant to torment.
Your stone body is resilient (AC +7).
You are immune to poison.
You resist negative energy.
You are resistant to electric shocks.
You can survive without breathing.
You are immune to petrification.
You are immune to rotting.


Message History

Harold throws a throwing net.
The throwing net hits you.
You become entangled in the net!
You see here a throwing net.
You struggle against the net.
You struggle against the net.
You try to slip out of the net.
A centaur comes into view.
You shred the net and break free!
The centaur shouts!
Harold gestures at you while chanting. The bolt of fire hits you!
* * * LOW HITPOINT WARNING * * *
Harold throws a throwing net.
The throwing net hits you.
You become entangled in the net!
You see here a throwing net.
You struggle against the net.
You tear a large gash into the net.
Harold points at you and mumbles some strange words.
The bolt of fire hits you!
You die...

###########
####..........
#..@..........
...c@..##..........
####### #..........
#..........
#.)........
#..........
#..........
###########


You could see Harold and a centaur.

Vanquished Creatures
  A hill giant (D:10)
  Prince Ribbit (D:7)
  The ghost of ThereIsNoGod the Covert, an amateur OpAs (D:5)
  A wraith (D:10)
  The ghost of Zebulonius the Chopper, an amateur MiBe of Trog (D:3)
  4 yaks (D:9)
  A hippogriff (D:8)
  Menkaure (D:7)
  Edmund (D:5)
  Duvessa (D:5)
  A sky beast (D:6)
  3 phantoms
  4 ice beasts
  An orc warrior (D:3)
  5 centaurs
  A necrophage (D:5)
  3 ogres (D:5)
  A big kobold (D:8)
  8 giant frogs
  Dowan (D:5)
  A water moccasin zombie (D:4)
  A scorpion (D:7)
  6 killer bees (D:9)
  A wight (D:5)
  A centaur zombie (D:8)
  3 crimson imps (D:7)
  A human zombie (Ossuary)
  3 giant frog zombies
  2 jellies
  2 centaur skeletons
  6 hounds
  4 orc priests
  6 orc wizards
  2 giant frog skeletons
  4 iguanas
  6 worker ants
  4 big kobold zombies (Ossuary)
  2 hound zombies
  2 mummies (Ossuary)
  A howler monkey zombie (D:6)
  A worker ant zombie (D:4)
  5 gnolls
  11 adders
  2 howler monkey skeletons
  2 oozes (D:2)
  3 adder skeletons
  A worm (D:2)
  3 dart slugs
  4 giant geckos
  27 orcs
  4 giant cockroaches
  3 goblins
  11 hobgoblins
  8 jackals
  3 quokkas
  2 ball pythons
  8 bats
  A giant cockroach zombie (D:4)
  2 giant gecko skeletons
  4 giant newts
  3 gnoll zombies (Ossuary)
  3 goblin zombies
  3 hobgoblin zombies (Ossuary)
  2 jackal zombies
  9 kobolds
  An orc zombie (Ossuary)
  A quokka zombie (D:4)
  10 rats
  A rat zombie (D:4)
237 creatures vanquished.

Vanquished Creatures (others)
  A quokka (D:3)
1 creature vanquished.

Grand Total: 238 creatures vanquished

Notes
Turn   | Place    | Note
--------------------------------------------------------------
     0 | D:1      | mistymad the Gargoyle Fighter began the quest for the Orb.
     0 | D:1      | Reached XP level 1. HP: 14/14 MP: 1/1
   168 | D:1      | Reached XP level 2. HP: 19/19 MP: 2/2
  1396 | D:1      | Reached XP level 3. HP: 24/24 MP: 3/3
  1645 | D:2      | Reached XP level 4. HP: 29/29 MP: 4/4
  2104 | D:3      | Found a stormy altar of Qazlal.
  2331 | D:3      | Reached XP level 5. HP: 33/33 MP: 5/5
  2643 | D:3      | Noticed an orc warrior
  2903 | D:3      | Noticed Zebulonius's ghost (amateur MiBe)
  2928 | D:3      | Killed Zebulonius's ghost
  2928 | D:3      | Reached XP level 6. HP: 32/39 MP: 6/6
  3132 | D:3      | Killed an orc warrior
  3515 | D:4      | Reached skill level 5 in Fighting
  3515 | D:4      | Reached skill level 5 in Armour
  3515 | D:4      | Reached skill level 5 in Shields
  3515 | D:4      | Reached XP level 7. HP: 30/44 MP: 7/7
  3537 | D:4      | Found an oddly glowing altar of Pakellas.
  3695 | D:4      | Got a scorched scale mail
  3769 | D:4      | Found a sand-covered staircase.
  3777 | Ossuary  | Entered an ossuary
  4373 | D:4      | Reached XP level 8. HP: 44/51 MP: 8/8
  4422 | D:4      | Found an iron altar of Okawaru.
  4432 | D:4      | Found a shadowy altar of Dithmenos.
  4524 | D:5      | Entered Level 5 of the Dungeon
  4831 | D:5      | Noticed Duvessa
  4831 | D:5      | Noticed Dowan
  4844 | D:5      | Killed Duvessa
  4844 | D:5      | Reached skill level 5 in Maces & Flails
  4867 | D:5      | HP: 1/51 [Dowan/stone arrow (5)]
  5109 | D:5      | Killed Dowan
  5224 | D:4      | Identified the +5 scale mail "Inun" {Str-2 Int+5 Stlth+} (You found it on level 4 of the Dungeon)
  5750 | D:5      | Noticed ThereIsNoGod's ghost (amateur OpAs)
  5768 | D:5      | Killed ThereIsNoGod's ghost
  5768 | D:5      | Reached XP level 9. HP: 55/56 MP: 9/9
  6039 | D:5      | Noticed Edmund
  6084 | D:5      | Killed Edmund
  6748 | D:6      | Found Kees's Gadget Boutique.
  6964 | D:6      | Found Arrairasu's Gadget Boutique.
  7128 | D:6      | Found Azat's Distillery.
  7138 | D:6      | Bought a potion of curing for 33 gold pieces
  7138 | D:6      | Bought a potion of heal wounds for 55 gold pieces
  7250 | D:6      | Found Tocorajueti's Antique Weapon Shop.
  7258 | D:6      | Bought a warped morningstar for 189 gold pieces
  7258 | D:6      | Identified the cursed +1 morningstar of Ofyxtud {venom, Dex+4} (You bought it in a shop on level 6 of the Dungeon)
  7504 | D:7      | Found Massiviy's Gadget Shop.
  7907 | D:7      | Noticed Prince Ribbit
  7921 | D:7      | Killed Prince Ribbit
  8107 | D:7      | Found a staircase to the Ecumenical Temple.
  8116 | Temple   | Entered the Ecumenical Temple
  8542 | D:4      | Became a worshipper of Warmaster Okawaru
  8619 | D:7      | Reached XP level 10. HP: 64/64 MP: 10/10
  8896 | D:7      | Noticed Menkaure
  8913 | D:7      | Killed Menkaure
  9315 | D:8      | Reached * piety under Okawaru
  9496 | D:8      | Found a basalt altar of Yredelemnul.
  9499 | D:8      | Found a glowing silver altar of Zin.
 10104 | D:9      | Found Ostuir's Food Shoppe.
 10245 | D:9      | Reached ** piety under Okawaru
 10386 | D:9      | Found a deep blue altar of Sif Muna.
 10386 | D:9      | Found a radiant altar of Vehumet.
 10386 | D:9      | Found a glowing golden altar of the Shining One.
 10789 | D:10     | Entered Level 10 of the Dungeon
 10818 | D:10     | Noticed a hill giant
 10826 | D:10     | Killed a hill giant
 10840 | D:10     | Reached XP level 11. HP: 35/72 MP: 11/11
 10846 | D:10     | Noticed Harold
 10853 | D:10     | Killed from afar by Harold

Skill      XL: |  1  2  3  4  5  6  7  8  9 10 |
---------------+-------------------------------+-----
Armour         | 4 5 6 8 9 |  9.5
Fighting       | 4 5 6 8 9 |  9.7
Maces & Flails | 3 4 6 7 8 |  8.6
Shields        | 4 5 6 8 9 |  9.4

Action                   |  1- 3 |  4- 6 |  7- 9 | 10-12 || total
-------------------------+-------+-------+-------+-------++-------
Melee: Flail             |   110 |   190 |   555 |       ||   855
       Morningstar       |       |       |    86 |   209 ||   295
Invok: Heroism           |       |       |       |     1 ||     1
  Use: Potion            |       |     1 |     2 |     1 ||     4
       Scroll            |       |       |       |    11 ||    11
  Eat: Chunk             |     2 |     6 |    17 |     9 ||    34
Armor: Scale mail        |    41 |   115 |       |       ||   156
       Plate armour      |       |    20 |   450 |   107 ||   577
Dodge: Dodged            |    33 |    74 |   107 |    33 ||   247
Block: Shield            |    60 |   119 |   351 |   136 ||   666
